 Dungeon Crawl Stone Soup version 0.20.1-1-g8b1a95d (webtiles) character file.

90 Irenicus the Sneak (level 4, -1/36 HPs)
             Began as a Deep Dwarf Enchanter on Nov 4, 2017.
             Was a Follower of Makhleb.
             Slain by a worm (10 damage)
             ... on level 3 of the Dungeon.
             The game lasted 00:08:50 (1839 turns).

Irenicus the Sneak (Deep Dwarf Enchanter)           Turns: 1839, Time: 00:08:51

Health: -1/36      AC:  4    Str: 12    XL:     4   Next: 32%
Magic:  4/7        EV: 12    Int: 18    God:    Makhleb [*.....]
Gold:   189        SH:  0    Dex: 14    Spells: 3/7 levels left

rFire    . . .     SeeInvis .   k - +1 short sword (venom)
rCold    . . .     Gourm    .   (no shield)
rNeg     . . .     Faith    .   o - +0 leather armour
rPois    .         Spirit   .   (no helmet)
rElec    .         Reflect  .   (no cloak)
rCorr    .         Harm     .   (no gloves)
MR       .....                  i - +0 pair of boots
Stlth    +++.......             (no amulet)
Regen    0.0/turn               t - +3 ring of intelligence
MPRegen  0.1/turn               (no ring)

@: non-regenerating
A: damage resistance, heal wounds, sense surroundings 1, no regeneration
a: Heal Wounds, Renounce Religion


You were on level 3 of the Dungeon.
You worshipped Makhleb.
Makhleb was aware of your devotion.
You were not hungry.

You visited 1 branch of the dungeon, and saw 3 of its levels.

You collected 189 gold pieces.

Inventory:

Hand Weapons
 a - a +1 dagger
 k - a +1 short sword of venom (weapon)
Armour
 b - a +0 robe
 i - a +0 pair of boots (worn)
 o - a +0 leather armour (worn)
 r - a +2 large shield
Jewellery
 t - a +3 ring of intelligence (left hand)
Scrolls
 e - a scroll of amnesia {unknown}
 f - a scroll of immolation {unknown}
 h - 5 scrolls of identify {unknown}
 j - 3 scrolls of teleportation {unknown}
 l - 2 scrolls of remove curse {unknown}
 m - a scroll of enchant armour {unknown}
 q - 2 scrolls of blinking {unknown}
 s - a scroll of magic mapping {unknown}
Potions
 g - 2 potions of haste {unknown}
 n - 2 potions of lignification {unknown}
 p - a potion of degeneration {unknown}
 u - a potion of curing {unknown}
 v - a potion of brilliance {unknown}
 x - a potion of mutation {unknown}
Books
 c - a book of Maledictions

   Spells                             Type                      Level
   a - Corona                         Hexes                        1
   b - Ensorcelled Hibernation        Hexes/Ice                    2
   c - Confuse                        Hexes                        3
   d - Tukima's Dance                 Hexes                        3
   e - Dazzling Spray                 Conjuration/Hexes            3
 w - a book of Conjurations

   Spells                             Type                      Level
   a - Magic Dart                     Conjuration                  1
   b - Searing Ray                    Conjuration                  2
   c - Dazzling Spray                 Conjuration/Hexes            3
   d - Fulminant Prism                Conjuration/Hexes            4
   e - Force Lance                    Conjuration/Translocation    4
   f - Iskenderun's Mystic Blast      Conjuration                  4
Comestibles
 d - 2 bread rations


   Skills:
 - Level 1.1 Short Blades
 - Level 2.1 Dodging
 - Level 5.0 Stealth
 - Level 2.0 Spellcasting
 + Level 3.4 Hexes


You had 3 spell levels left.
You knew the following spells:

 Your Spells              Type           Power        Failure   Level  Hunger
a - Corona                Hex            ##.....      5%          1    #......
e - Confuse               Hex            ##......     17%         3    ###....


Dungeon Overview and Level Annotations

Branches:
Dungeon (3/15)

Altars:
Kikubaaqudgha
Makhleb
Nemelex Xobeh
Okawaru
Ru
Sif Muna
Trog
Xom


Innate Abilities, Weirdness & Mutations

You are resistant to damage.
You can heal yourself by infusing magical energy.
You passively map a small area around you.
You do not regenerate.


Message History

The worm is heavily wounded.
You kill the worm!
Makhleb accepts your kill.
You can now gain health from killing.
Casting: Confuse
Confirm with . or Enter, or press ? or * to list all spells.
Aiming: Confuse
Press: ? - help, Shift-Dir - straight line, f - worm
Aim: a worm (chance to defeat MR: 53%)
The worm appears confused.
You see here a rat corpse.
You hit the worm.
The worm is poisoned.
The worm is moderately wounded.
You hit the worm.
The worm looks as sick as possible!
The worm is heavily wounded.
You catch the helpless worm completely off-guard!
You puncture the worm!
You kill the worm!
Makhleb accepts your kill. The worm bites you!
You die...

#.#...........#
#.#..w.###....#
#.#..r##y##...#
#.#....###....#
#.##...w.....##
#.##)..._.r..#
#.###)..r..)##
#..w###..)### ##.@.### *
####### #.....# #....>.
#.....## #...... #......###
#.[.... #........####.(....
######.....##...........
.................).###.##
#........#...#######..)....
#.........#...........##<##


You could see a worm.

Vanquished Creatures
  2 adders
  A gnoll (D:1)
  3 worms (D:3)
  2 dart slugs
  A leopard gecko (D:3)
  2 orcs (D:3)
  7 bats
  2 giant cockroaches (D:3)
  5 goblins
  3 hobgoblins
  A quokka (D:3)
  A ball python (D:1)
  3 frilled lizards
  10 kobolds
  5 rats
48 creatures vanquished.

Notes
Turn   | Place    | Note
-------+----------+-------------------------------------------
     0 | D:1      | Irenicus the Deep Dwarf Enchanter began the quest for the Orb.
     0 | D:1      | Reached XP level 1. HP: 15/15 MP: 3/3
   223 | D:1      | Reached XP level 2. HP: 11/22 MP: 4/4
   417 | D:1      | Reached skill level 1 in Short Blades
   421 | D:1      | Reached skill level 4 in Stealth
   645 | D:2      | Reached XP level 3. HP: 13/28 MP: 6/6
   659 | D:2      | Learned a level 3 spell: Confuse
   753 | D:2      | Found an ancient bone altar of Kikubaaqudgha.
   978 | D:2      | Found a shimmering altar of Xom.
  1142 | D:2      | Found a burning altar of Makhleb.
  1151 | D:2      | Became a worshipper of Makhleb the Destroyer
  1395 | D:3      | Found an iron altar of Okawaru.
  1412 | D:3      | Reached skill level 5 in Stealth
  1415 | D:3      | Found a deep blue altar of Sif Muna.
  1483 | D:3      | Found a sacrificial altar of Ru.
  1508 | D:3      | Reached XP level 4. HP: 9/36 MP: 0/7
  1576 | D:3      | Found a sparkling altar of Nemelex Xobeh.
  1788 | D:3      | Noticed a moth of wrath
  1790 | D:3      | Found a bloodstained altar of Trog.
  1816 | D:3      | Reached * piety under Makhleb
  1839 | D:3      | Slain by a worm

Skill      XL: |  1  2  3 |
---------------+----------+-----
Hexes          | 3 |  3.4
Spellcasting   | 2 |  2.0
Short Blades   | 1 |  1.1
Stealth        | 4 5 |  5.0
Dodging        | |  2.1

Action                   |  1- 3 |  4- 6 || total
-------------------------+-------+-------++-------
Melee: Short sword       |    70 |    25 ||    95
       Dagger            |    10 |       ||    10
 Cast: Corona            |    10 |     2 ||    12
       Confuse           |     5 |     6 ||    11
 Stab: Sleeping          |     9 |     1 ||    10
       Distracted        |     1 |       ||     1
       Confused          |       |     2 ||     2
  Eat: Meat ration       |     1 |       ||     1
Armor: Robe              |     9 |       ||     9
       Leather armour    |    12 |     3 ||    15
Dodge: Dodged            |    36 |     9 ||    45
